 Dungeon Crawl Stone Soup version 0.27-a0-1242-ge70438ac7b (webtiles) character file.

Game seed: 16958742392687305432

3362 Glokmah the Stinger (level 9, -2/66 HPs)
             Began as a Demonspawn Venom Mage on June 9, 2021.
             Was an Elder of Cheibriados.
             Shot with a sling bullet by Joseph (4 damage)
             ... on level 8 of the Dungeon.
             The game lasted 00:22:54 (10621 turns).

Glokmah the Stinger (Demonspawn Venom Mage)        Turns: 10621, Time: 00:22:54

Health: -2/66      AC:  7    Str: 22    XL:     9   Next: 73%
Magic:  1/15       EV: 14    Int: 27    God:    Cheibriados [****..]
Gold:   421        SH:  0    Dex: 23    Spells: 4/17 levels left

rFire    . . .     SeeInvis .   b - +4 scimitar (venom)
rCold    . . .     Faith    .   (no shield)
rNeg     . . .     Spirit   .   G - +0 leather armour
rPois    +         Reflect  .   (no helmet)
rElec    .         Harm     .   (no cloak)
rCorr    .         Rampage  .   m - +0 pair of gloves {Str+3}
Will     +....                  (no boots)
Stlth    ++........             (no amulet)
HPRegen  0.21/turn              d - ring of willpower
MPRegen  0.14/turn              s - ring of poison resistance

@: very slightly contaminated, very slow
A: molten scales 2, demonic guardian 2, powered by death 2
a: Renounce Religion, Bend Time, Temporal Distortion, Slouch


You were on level 8 of the Dungeon.
You worshipped Cheibriados.
Cheibriados was greatly pleased with you.
You visited 1 branch of the dungeon, and saw 8 of its levels.

You collected 421 gold pieces.

Inventory:

Hand Weapons
 a - a +1 dagger of venom
 b - a +4 scimitar of venom (weapon)
 e - a +0 hand crossbow
 f - a +1 antimagic spear
 k - a +3 short sword of draining
Missiles
 g - 9 curare-tipped darts
 j - a throwing net
 n - 29 poisoned darts
 o - 18 bolts
Armour
 m - a +0 pair of gloves of strength (worn)
 p - a +0 buckler
 G - a +0 leather armour (worn)
Jewellery
 d - a ring of willpower (left hand)
 s - a ring of poison resistance (right hand)
 t - a ring of willpower
 x - a ring of willpower
Wands
 q - a wand of flame (27)
 u - a wand of mindburst (13)
 y - a wand of acid (6)
 z - a wand of iceblast (10)
Scrolls
 c - 5 scrolls of identify
 h - 4 scrolls of amnesia
 i - 2 scrolls of fear
 r - 3 scrolls of teleportation
 A - a scroll of brand weapon
Potions
 l - a potion of flight
 v - a potion of lignification
 w - 3 potions of brilliance
 B - a potion of degeneration
 D - 2 potions of heal wounds
 E - a potion of curing
 F - a potion of invisibility


   Skills:
 + Level 4.4 Fighting
 + Level 1.3 Armour
 - Level 4.0 Dodging
 - Level 1.7 Stealth
 + Level 1.3 Shields
 + Level 4.6 Spellcasting
 + Level 2.5 Conjurations
 - Level 4.0 Transmutations
 - Level 3.0 Fire Magic
 - Level 3.0 Air Magic
 * Level 7.5 Poison Magic
 + Level 6.4 Invocations


You had 4 spell levels left.
You knew the following spells:

 Your Spells              Type           Power      Damage    Failure   Level
a - Sting                 Tmut/Pois      100%       1d8       1%          1
b - Poisonous Vapours     Pois/Air       68%        N/A       1%          2
c - Ignite Poison         Fire/Tmut/Pois 32%        N/A       3%          3
d - Olgreb's Toxic Radia  Pois           46%        N/A       4%          4
e - Mephitic Cloud        Conj/Pois/Air  29%        N/A       4%          3

Your spell library contained the following spells:

 Spells                   Type           Power      Damage    Failure   Level
 Beastly Appendage        Tmut           54%        N/A       1%          1
 Wereblood                Tmut           27%        N/A       2%          2
 Spider Form              Tmut/Pois      18%        N/A       2%          3
 Animate Skeleton         Necr           12%        N/A       9%          1
 Pain                     Necr           24%        1d5       9%          1
 Confusing Touch          Hex            6%         N/A       26%         3
 Gell's Gravitas          Tloc           3%         N/A       26%         3
 Vampiric Draining        Necr           3%         2d6       26%         3
 Ice Form                 Ice/Tmut       17%        N/A       36%         4
 Petrify                  Tmut/Erth      17%        N/A       36%         4
 Animate Dead             Necr           3%         N/A       65%         4
 Yara's Violent Unravell  Hex/Tmut       8%         3d5       71%         5
 Agony                    Necr           6%         N/A       94%         5
 Metabolic Englaciation   Hex/Ice        3%         N/A       94%         5


Dungeon Overview and Level Annotations

Branches:
Dungeon (8/15)             Temple (0/1) D:7
   Lair: D:8-11

Altars:
Cheibriados
Trog

Annotations:
D:8 Joseph


Innate Abilities, Weirdness & Mutations

You are mostly covered in molten scales. (AC +3)
A demonic guardian rushes to your aid.
You regenerate health from kills.


Message History

Okay, then.
Casting: Mephitic Cloud (dangerous; 4% risk of failure)
Confirm with . or Enter, or press ? or * to list all spells.
Aiming: Mephitic Cloud (dangerous; 4% risk of failure)
Press: ? - help, Shift-Dir - straight line, f/p - Joseph
Aim: Joseph, wielding a +3 vorpal hunting sling, wearing a +0 ring mail and quivering sling bullets (unusually resistant, chance to affect: 72%)
The ball explodes into a vile cloud!
The stinking cloud engulfs Joseph but does no damage.
Joseph shoots a sling bullet.
The sling bullet completely misses you.
Casting: Mephitic Cloud (dangerous; 4% risk of failure)
Confirm with . or Enter, or press ? or * to list all spells.
You miscast Ignite Poison.
You are very lightly contaminated with residual magic.
You feel rather nauseous for a moment.
You are poisoned.
You resist.
You feel sick.
Joseph shoots a sling bullet.
The sling bullet misses you.
Casting: Ignite Poison (dangerous; 3% risk of failure)
Confirm with . or Enter, or press ? or * to list all spells.
You ignite the poison in your surroundings!
You feel sick.
Joseph is engulfed in blazing flames.
Joseph shoots a sling bullet.
The sling bullet hits you!
You feel sick.
Casting: Ignite Poison (dangerous; 3% risk of failure)
Confirm with . or Enter, or press ? or * to list all spells.
Aiming: Mephitic Cloud (dangerous; 4% risk of failure)
Press: ? - help, Shift-Dir - straight line The ball explodes into a vile cloud!
You feel sick.
Unknown command.
You feel sick.
You are no longer poisoned.
Joseph shoots a sling bullet.
The sling bullet hits you!
* * * LOW HITPOINT WARNING * * *
x2 Joseph shoots a sling bullet.
The sling bullet misses you.
Joseph shoots a sling bullet.
The sling bullet closely misses you.
Joseph sighs, "Being a guard is usually so boring..."
Joseph shoots a sling bullet.
The sling bullet hits you!
* * * LOW HITPOINT WARNING * * *
A demonic guardian appears!
You die...

*,* *,* **....[....<##
*,* *,*
**,....#####..## *,*
**,****,,............#
*,*
*,,,,,,,,.@...#####..#
*,**** *,,****,,.....#
#..# *,,,>* #,,*
**,....#* #..# ****,*
#..######...#* ##..#
*,* #....4..@..#*
#...# *,* ######@###[#
#.#.# *,* #.# *,#
#...# *,* #.# #.#
##..# *,**********#.#
#.# #..#
*,,,,,,,,,,*#.# #.#
#..# *,,*******,*#.#
#.# #..# *,,* *,*#.#
#.# #..# *,,*
*,*#.###.########..#
*,,*
*,*#.##...##...##..#


You could see Joseph (resistant, ally target) and a friendly hellwing
(summoned).

Vanquished Creatures
  6 yaks (D:7)
  A steam dragon (D:8)
  Edmund (D:5)
  Duvessa (D:4)
  2 orc warriors
  An ice beast (D:7)
  2 black bears
  2 centaurs
  A phantom (D:6)
  A kobold brigand (D:8)
  A bullfrog (D:7)
  A water moccasin zombie (D:6)
  Dowan (D:4)
  2 water moccasin skeletons
  2 wights (D:4)
  2 howler monkeys
  A bullfrog zombie (D:5)
  A jelly (D:4)
  A centaur zombie (D:3)
  A hound (D:5)
  A centaur skeleton (D:5)
  5 orc priests
  2 iguanas (D:5)
  3 orc wizards
  A killer bee zombie (D:8)
  A hound skeleton (D:4)
  A howler monkey zombie (D:5)
  2 howler monkey skeletons (D:7)
  3 gnolls (D:3)
  7 adders
  A shadow imp (D:7)
  A white imp (D:6)
  An ufetubus (D:6)
  An adder zombie (D:5)
  A worm (D:3)
  4 dart slugs
  15 orcs
  9 endoplasms
  A giant cockroach (D:2)
  10 goblins
  5 hobgoblins
  5 jackals
  3 quokkas
  10 ball pythons
  6 bats
  3 frilled lizards
  9 kobolds
  10 rats
152 creatures vanquished.

Vanquished Creatures (collateral kills)
  A wyvern zombie (D:6)
  A scorpion (D:2)
  3 wights (D:4)
  A bullfrog zombie (D:5)
  A jelly (D:6)
  An orc priest (D:6)
  An iguana (D:5)
  An orc wizard (D:6)
  A killer bee zombie (D:7)
  A worm (D:2)
  An orc (D:6)
13 creatures vanquished.

Grand Total: 165 creatures vanquished

Notes
Turn   | Place    | Note
-------+----------+-------------------------------------------
     0 | D:1      | Glokmah the Demonspawn Venom Mage began the quest for the
                  | Orb.
     0 | D:1      | Reached XP level 1. HP: 13/13 MP: 3/3
    55 | D:1      | Reached skill level 1 in Transmutations
   571 | D:1      | Gained mutation: You are partially covered in molten
                  | scales. (AC +2) [demonic ancestry]
   571 | D:1      | Reached XP level 2. HP: 20/20 MP: 3/5
   763 | D:1      | Learned a level 2 spell: Poisonous Vapours
  1538 | D:2      | Gained mutation: A weak demonic guardian rushes to your
                  | aid. [demonic ancestry]
  1538 | D:2      | Reached XP level 3. HP: 20/25 MP: 0/6
  1738 | D:2      | Reached skill level 1 in Fighting
  1901 | D:2      | Noticed a scorpion
  1911 | D:2      | Killed a scorpion
  1912 | D:2      | Reached skill level 4 in Poison Magic
  1912 | D:2      | Gained mutation: You regenerate a little health from kills.
                  | [demonic ancestry]
  1912 | D:2      | Reached XP level 4. HP: 29/32 MP: 0/7
  2761 | D:3      | Learned a level 3 spell: Ignite Poison
  2783 | D:3      | Found a snail-covered altar of Cheibriados.
  2789 | D:3      | Became a worshipper of Cheibriados the Contemplative
  2804 | D:3      | Gained mutation: You are mostly covered in molten scales.
                  | (AC +3) [demonic ancestry]
  2804 | D:3      | Reached XP level 5. HP: 36/37 MP: 1/8
  3162 | D:3      | Reached skill level 1 in Invocations
  3304 | D:3      | Reached * piety under Cheibriados
  3865 | D:3      | Reached XP level 6. HP: 44/44 MP: 4/10
  3870 | D:3      | Learned a level 4 spell: Olgreb's Toxic Radiance
  3975 | D:3      | Reached skill level 1 in Air Magic
  4559 | D:4      | You fall into a shaft and drop 2 floors!
  4586 | D:6      | Reached skill level 1 in Fire Magic
  4600 | D:6      | Reached ** piety under Cheibriados
  4912 | D:6      | Reached skill level 5 in Poison Magic
  4912 | D:6      | Gained mutation: A demonic guardian rushes to your aid.
                  | [demonic ancestry]
  4912 | D:6      | Reached XP level 7. HP: 50/50 MP: 1/11
  5448 | D:5      | Entered Level 5 of the Dungeon
  5878 | D:4      | You fall into a shaft and drop 1 floor!
  6765 | D:5      | Noticed Duvessa
  6766 | D:5      | Noticed Dowan
  6776 | D:4      | Killed Dowan
  6777 | D:4      | Reached XP level 8. HP: 18/52 MP: 1/13
  6782 | D:4      | Killed Duvessa
  6782 | D:4      | Reached *** piety under Cheibriados
  7181 | D:5      | Learned a level 3 spell: Mephitic Cloud
  7339 | D:5      | Found a bloodstained altar of Trog.
  7436 | D:5      | Noticed Edmund
  7441 | D:5      | Killed Edmund
  7442 | D:5      | Reached skill level 6 in Poison Magic
  8730 | D:7      | Reached skill level 1 in Conjurations
  8933 | D:7      | Reached **** piety under Cheibriados
  8934 | D:7      | Reached skill level 7 in Poison Magic
  8934 | D:7      | Gained mutation: You regenerate health from kills. [demonic
                  | ancestry]
  8934 | D:7      | Reached XP level 9. HP: 52/65 MP: 3/15
  9382 | D:7      | Found a staircase to the Ecumenical Temple.
  9802 | D:7      | Reached skill level 1 in Shields
 10268 | D:8      | Reached skill level 1 in Armour
 10612 | D:8      | Noticed Joseph
 10621 | D:8      | HP: 2/66 [Joseph/sling bullet (14)]
 10621 | D:8      | Shot with a sling bullet by Joseph

Illustrated notes

Levels and vault maps discovered:
D:1:      ebering_hopf_link, layout_loops_ring, chequers_hall_statues_corner_a,
          feat_on_display
D:2:      layout_basic
D:3:      layout_loops_ring, overflow_temple_1_default,
          corexii_leaking_fountain, small_statue_intersection,
          minmay_increasing_density
D:4:      layout_loops_ring, kennysheep_path_1, minmay_pentangle
D:5:      minmay_spotlight, layout_basic, kennysheep_mini, uniq_edmund,
          uniq_duvessa
D:6:      layout_loops_corners, grunt_decor_fettered, minmay_misc_feat_enclosed
D:7:      layout_basic, minmay_temple_entry_junction, kennysheep_windowed_goal
D:8:      layout_loops_ring, uniq_pikel, uniq_joseph, uniq_maggie

Skill      XL: |  1  2  3  4  5  6  7  8  9 |
---------------+----------------------------+-----
Transmutations | 1 2 3 4 |  4.0
Dodging        | 2 3 4 |  4.0
Fighting       | 1 2 4 |  4.4
Poison Magic   | 4 5 7 |  7.5
Invocations    | 1 2 3 6 |  6.4
Air Magic      | 1 2 3 |  3.0
Spellcasting   | 3 4 |  4.6
Fire Magic     | 1 2 3 |  3.0
Conjurations   | 2 |  2.5
Shields        | 1 |  1.3
Armour         | 1 |  1.3
Stealth        | |  1.7

Action                   |  1- 3 |  4- 6 |  7- 9 || total
-------------------------+-------+-------+-------++-------
Melee: Flail             |    29 |       |       ||    29
       Short sword       |     6 |    88 |    24 ||   118
       Dagger            |       |       |    59 ||    59
       Scimitar          |       |       |    55 ||    55
 Cast: Sting             |    33 |    26 |     8 ||    67
       Poisonous Vapours |    12 |    39 |    32 ||    83
       Ignite Poison     |       |     3 |    17 ||    20
       Olgreb's Toxic Ra |       |     2 |     8 ||    10
       Mephitic Cloud    |       |       |     7 ||     7
Invok: Bend Time         |       |       |     1 ||     1
  Use: Potion            |       |       |     3 ||     3
       Scroll            |       |       |    13 ||    13
 Stab: Sleeping          |     1 |     1 |     1 ||     3
       Distracted        |       |       |     1 ||     1
Armor: Robe              |    12 |    36 |    33 ||    81
       Skin              |       |       |     7 ||     7
       Leather armour    |       |       |    13 ||    13
Dodge: Dodged            |    22 |    74 |   151 ||   247
       Rpst.: Scimitar   |       |       |    18 ||    18

Table legend: (Time is in decaauts)
 A = Elapsed time spent in this place.
 B = Non-inter-level travel time spent in this place.
 C = Inter-level travel time spent in this place.
 D = Time resting spent in this place.
 E = Time spent auto-exploring this place.
 F = Levels seen in this place.
 G = Mean time per level.
                   A        B        C        D        E       F      G
               +--------+--------+--------+--------+--------+-----+--------+
         Total |  12883 |  12147 |    736 |   2320 |   7992 |   8 | 1610.4 |
       Dungeon |  12883 |  12147 |    736 |   2320 |   7992 |   8 | 1610.4 |
               +--------+--------+--------+--------+--------+-----+--------+

Top non-repeatable levels by time:
     D:6: 2511 daAuts
     D:7: 2213 daAuts
     D:3: 1960 daAuts
     D:4: 1854 daAuts
     D:1: 1564 daAuts
     D:5: 1411 daAuts
     D:2: 1123 daAuts
     D:8: 244 daAuts
